[Event "*** Titled Tuesday Blitz"]
[Site "Chess.com"]
[Date "2021.03.16"]
[Round "5"]
[White "elegant285"]
[Black "esrosenberg"]
[Result "1-0"]
[WhiteElo "2383"]
[BlackElo "2211"]
[TimeControl "180+1"]
[EndTime "10:54:49 PDT"]
[Termination "elegant285 won on time"]

1. d4 Nf6 2. Bf4 b6 3. e3 Bb7 4. Nf3 e6 5. Be2 d6 6. h3 Nbd7 7. O-O g6 8. c4 Bg7 9. Nc3 O-O 10. Rc1 a6 11. Re1 Qe7 12. Bh2 Rad8 13. Qc2 Rfe8 14. Bf1 e5 15. dxe5 dxe5 16. Be2 e4 17. Nd4 c5 18.
Nb3 Ne5 19. Rcd1 Qe6 20. Na4 h5 21. Bxe5 Qxe5 22. Nxb6 Bf8 23. Na4 Bc6 24. Nc3 Bd6 25. Rxd6 Rxd6 26. Na5 Bd7 27. Rd1 Rxd1+ 28. Qxd1 Be6 29.
Na4 Qc7 30. Qd2 Rd8 31. Qc3 Nd7 32. Nb3 Qe5 33. Qc2 Nb6 34. Na5 Bd7 35. Nxb6 Qc7 36. Nxd7 Qxa5 37. Nf6+ Kg7 38. Nd5 Qe1+ 39. Bf1 a5 40. Qxe4 Rg8 41. Qe5+ Kf8 42. Qd6+ Kg7 43. Qxc5 Qd1 44. Qd6 1-0

[Event "*** Titled Tuesday Blitz"]
[Site "Chess.com"]
[Date "2021.03.16"]
[Round "5"]
[White "Susal_De_Silva"]
[Black "eljanov"]
[Result "1/2-1/2"]
[WhiteElo "2639"]
[BlackElo "2867"]
[TimeControl "180+1"]
[EndTime "10:54:50 PDT"]
[Termination "Game drawn by repetition"]

1. e4 c6 2. d4 d5 3. Nc3 dxe4 4. Nxe4 Bf5 5. Ng3 Bg6 6. h4 h6 7. Nf3 e6 8. h5 Bh7 9. Bd3 Bb4+ 10. c3 Bxd3 11.
Qxd3 Be7 12. Be3 Nf6 13. O-O-O Nbd7 14. Ne4 Nxe4 15. Qxe4 Nf6 16. Qd3 Qd5 17. Kb1 O-O 18. Ne5 Qe4 19. g4 Rad8 20. f4 Qxd3+ 21. Rxd3 Bd6 22. Rg1 Bxe5 23. fxe5 Ne4 24. g5 hxg5 25. Bxg5 Nxg5 26. Rxg5 Kh7 27. Rdg3 Rg8 28. Kc2 a5 29.
Kd3 b5 30. b3 c5 31. R5g4 Kh6 32. Ke4 cxd4 33. cxd4 Rd7 34. Ke3 b4 35. Rg2 Rc7 36. Ke4 Rc1 37. Ke3 Re1+ 38. Kd3 Rh1 39. Rf4 Rf8 40.
Rfg4 Rh3+ 41. Kc4 Rc3+ 42. Kb5 Rb8+ 43. Ka4 Rg8 44. Rf4 Rc7 45. Rfg4 Rd7 46. Kxa5 Rb7 47. Ka6 Rgb8 48. Rxg7 Rb6+ 49. Ka5 Rb5+ 50. Ka6 R8b6+ 51. Ka7 Rb7+ 52. Ka6 R5b6+ 53. Ka5 Rb5+ 54. Ka6 R5b6+ 55. Ka5 Rb5+ 56. Ka6 1/2-1/2

[Event "*** Titled Tuesday Blitz"]
[Site "Chess.com"]
[Date "2021.03.16"]
[Round "5"]
[White "Babas"]
[Black "novocane"]
[Result "1-0"]
[WhiteElo "2406"]
[BlackElo "2257"]
[TimeControl "180+1"]
[EndTime "10:54:50 PDT"]
[Termination "Babas won on time"]

1. d4 Nf6 2. Nf3 e6 3. c4 b6 4.
Bg5 h6 5. Bxf6 Qxf6 6. Nc3 Bb7 7. e4 g6 8. Bd3 Bg7 9. O-O O-O 10. Qe2 d6 11. Rac1 a6 12. b4 Nd7 13. Rfd1 Qe7 14. d5 exd5 15. Nxd5 Qd8 16. Bc2 Re8 17. Bb3 a5 18. a3 axb4 19. axb4 Ra3 20. Qc2 c5 21. Ba4 Qc8 22. Bxd7 Qxd7 23. Nxb6 Qc7 24. Nd5 Bxd5 25.
cxd5 Rc3 26. Qa4 Rb8 27. Rxc3 Bxc3 28. bxc5 Qxc5 29. Rc1 Qb6 30. h3 Be5 31. Qc6 Qb2 32.
Nxe5 dxe5 33. Qc3 Qe2 34. Qxe5 Ra8 35. Rc7 Qe1+ 36. Kh2 Qxf2 37. d6 Rd8 38. d7 1-0

[Event "*** Titled Tuesday Blitz"]
[Site "Chess.com"]
[Date "2021.03.16"]
[Round "5"]
[White "Kislov_Oleg"]
[Black "Andrakhanova"]
[Result "1-0"]
[WhiteElo "2441"]
[BlackElo "2243"]
[TimeControl "180+1"]
[EndTime "10:54:50 PDT"]
[Termination "Kislov_Oleg won on time"]

1. e4 c5 2. Nf3 e6 3. c3 Nf6 4. e5 Nd5 5. d4 cxd4 6. cxd4 d6 7.
a3 Nc6 8. Bd3 dxe5 9. dxe5 h6 10. O-O Bc5 11. b4 Bb6 12. Qe2 a6 13. Qe4 Bd7 14.
Bb2 Qe7 15. Nbd2 Na7 16. Nc4 Bc7 17. Nd6+ Bxd6 18. exd6 Qxd6 19. Bxg7 f5 20. Qh4 Kf7 21. Bxh8 Rxh8 22. Rfe1 Nc6 23. b5 axb5 24. Bxb5 Kg7 25. Bxc6 bxc6 26. Ne5 Kh7 27. Nf7 Qf8 28. Nxh8 Qxh8 29.
Rab1 Qc3 30. Qg3 Qa5 31. Qd6 Nf6 32. Qe7+ Kg6 33. Re3 f4 34. Rd3 Qf5 35. Rbd1 Be8 36. Qd6 e5 37. f3 h5 38. Qe7 h4 39. Rd6 h3 40. Rxf6+ Qxf6 41. Rd6 1-0

[Event "*** Titled Tuesday Blitz"]
[Site "Chess.com"]
[Date "2021.03.16"]
[Round "5"]
[White "SchmakAttack"]
[Black "alexrustemov"]
[Result "0-1"]
[WhiteElo "2571"]
[BlackElo "2789"]
[TimeControl "180+1"]
[EndTime "10:54:52 PDT"]
[Termination "alexrustemov won on time"]

1. e4 e6 2. d4 d5 3. e5 c5 4. c3 Qb6 5. Nf3 Bd7 6. a3 Bb5 7. c4 dxc4 8. Nc3 Nc6 9. d5 O-O-O 10. d6 f6 11. Nxb5 Qxb5 12. Qc2 Nxe5 13. Nxe5 fxe5 14. Bxc4 Qc6 15. O-O Bxd6 16. b4 Nf6 17.
bxc5 Bxc5 18. Qb3 Kb8 19. Rb1 Nd5 20. Bg5 Rc8 21. Bb5 Qc7 22. a4 Ka8 23. a5 Rhf8 24. a6 b6 25. Rbc1 Qd6 26. Qg3 Rc7 27. Bd3 h6 28. Bd2 Rfc8 29. Rcd1 Bd4 30. Be4 Kb8 31.
Bxh6 Nf4 32. Bxf4 exf4 33. Qf3 e5 34. Qg4 Qa3 35. Bf3 Qxa6 36. Qf5 Qb5 37. Qe4 Qc6 38.
Qe2 Qc2 39. Qb5 Qc4 40. Qb1 Rc5 41. Qe4 R5c6 42. h3 a6 43. Qf5 R6c7 44. Rfe1 Ka7 45. Qe4 Qc5 46. Rb1 Bxf2+ 47. Kh2 Bxe1 48. Rxe1 b5 49.
Qf5 Re7 50. Be4 Rcc7 51. Re2 Qb6 52. Qf8 Qb8 53. Qf5 b4 54. Ra2 b3 55. Ra4 b2 56.
Qg6 Qb6 0-1

[Event "*** Titled Tuesday Blitz"]
[Site "Chess.com"]
[Date "2021.03.16"]
[Round "5"]
[White "slavenok"]
[Black "zmeeed67"]
[Result "1-0"]
[WhiteElo "2729"]
[BlackElo "2429"]
[TimeControl "180+1"]
[EndTime "10:54:52 PDT"]
[Termination "slavenok won by checkmate"]

1. e4 c5 2. d4 cxd4 3. Nf3 e6 4.
Bc4 Nf6 5. Qe2 Nc6 6. O-O d5 7.
exd5 Nxd5 8. Rd1 Bc5 9. c3 O-O 10.
cxd4 Be7 11. Nc3 Nxc3 12. bxc3 Bf6 13. Bf4 Re8 14. Bd3 Bd7 15. Rab1 b6 16. Qe4 g6 17.
Ne5 Rc8 18. Ba6 Ne7 19. Bxc8 Bxc8 20. Ng4 Bg7 21. Nh6+ Kf8 22. Be3 Nd5 23. Qf3 f5 24. Bd2 Qf6 25. c4 Ne7 26. d5 exd5 27.
cxd5 Bb7 28. Qa3 Bxd5 29. Re1 Be4 30. Rbd1 g5 31. Bb4 Bxh6 32. f3 Bc6 33. Rd6 Qg7 34. Rxc6 Qd4+ 35. Kh1 Qf2 36. Rxh6 Kg7 37. Rhe6 Nd5 38.
Rxe8 Nf4 39. Qc3+ Kh6 40. Rg1 Ne2 41. Rxe2 Qxe2 42. Bf8+ Kh5 43. Qf6 f4 44. Qf7+ Kh4 45. Qxh7# 1-0

[Event "*** Titled Tuesday Blitz"]
[Site "Chess.com"]
[Date "2021.03.16"]
[Round "5"]
[White "Oligan22"]
[Black "GM4life"]
[Result "0-1"]
[WhiteElo "2499"]
[BlackElo "2341"]
[TimeControl "180+1"]
[EndTime "10:54:52 PDT"]
[Termination "GM4life won on time"]

1. e4 c5 2. Nf3 d6 3. Bb5+ Nd7 4.
Ba4 Nf6 5. O-O g6 6. Re1 Bg7 7. c4 O-O 8. Nc3 Ne5 9. Nxe5 dxe5 10. d3 Bg4 11. f3 Be6 12. Be3 Rc8 13. Nd5 Ne8 14.
Qe2 Nd6 15. Qf2 b6 16. a3 f5 17. Bg5 Rf7 18. Qh4 Bxd5 19. cxd5 b5 20. Bc2 f4 21. Rac1 Qf8 22. Qh3 h6 23. Bh4 Bf6 24. Bf2 a5 25.
Bb3 c4 26. dxc4 bxc4 27. Ba4 Kh7 28. Rc2 Rc7 29. Rec1 Qb8 30. Qe6 Rg7 31. Bc6 Qb3 32.
Bc5 Nf7 33. a4 Ng5 34. Qg4 h5 35. Rc3 Qxb2 36. R3c2 Qb3 37. Rc3 Qb8 38. Qh4 Nxf3+ 39. gxf3 Bxh4 40. Rxc4 Bf6 41. d6 Rxc6 42. dxe7 Bxe7 0-1

[Event "*** Titled Tuesday Blitz"]
[Site "Chess.com"]
[Date "2021.03.16"]
[Round "5"]
[White "WilliamSchill"]
[Black "DonPreuss"]
[Result "0-1"]
[WhiteElo "2140"]
[BlackElo "2304"]
[TimeControl "180+1"]
[EndTime "10:54:52 PDT"]
[Termination "DonPreuss won on time"]

1. e4 e5 2. Nf3 d5 3. exd5 e4 4. Qe2 Nf6 5. Nc3 Be7 6. Nxe4 O-O 7.
d3 Nxd5 8. Qd1 f5 9. Nc3 Bb4 10. Bd2 Re8+ 11. Be2 Bxc3 12. bxc3 Qe7 13. c4 Nf6 14.
Bc3 Nc6 15. Bxf6 Qxf6 16. O-O f4 17. h3 Qg6 18. Kh1 Bd7 19. Re1 Ne5 20. Nxe5 Rxe5 21. Bf3 Rxe1+ 22. Qxe1 Re8 23. Qd2 Bc6 24. Bxc6 Qxc6 25.
Qxf4 Re2 26. Qg4 Rxc2 27. Qc8+ Kf7 28. Re1 Rxf2 29. Qg4 Rf6 30. Re3 Qc5 31. Qd7+ Kg6 32. Qg4+ Qg5 33. Qxg5+ Kxg5 34. Re7 Rc6 35. Rxg7+ Kf4 36.
Rd7 Ke3 37. Kh2 h6 38. a4 Kd2 39. g4 Kc3 40. Kg3 Kb4 41. h4 Kxa4 42. g5 hxg5 43.
hxg5 Kb4 44. Kf4 a5 45. Kf5 a4 46. g6 Ra6 0-1

[Event "*** Titled Tuesday Blitz"]
[Site "Chess.com"]
[Date "2021.03.16"]
[Round "5"]
[White "ChessLover0108"]
[Black "JimmmyZhang"]
[Result "0-1"]
[WhiteElo "2767"]
[BlackElo "2538"]
[TimeControl "180+1"]
[EndTime "10:54:53 PDT"]
[Termination "JimmmyZhang won by resignation"]

1. Nf3 c6 2. c4 d5 3. e3 Nf6 4. b3 g6 5. Bb2 Bg7 6. Be2 O-O 7. O-O a5 8. Nc3 Nbd7 9. d4 e6 10. Bd3 Re8 11. e4 dxe4 12. Nxe4 Nxe4 13. Bxe4 Nf6 14. Bc2 b5 15. Ne5 Qc7 16. Qf3 Bb7 17. Rac1 bxc4 18. bxc4 c5 19. Qe3 Bxg2 20. Rfd1 Rab8 21. Bc3 cxd4 22. Bxd4 Ba8 23. Rd2 Nh5 24. Rcd1 f6 25.
Ng4 Qb7 26. f3 Qxf3 27. h3 e5 28. Ba7 Rbc8 29. Kh2 f5 30. Rf2 Qb7 31. Nh6+ Bxh6 32. Qxh6 Qxa7 33. Rfd2 Qg7 34. Qg5 Nf6 35. Bxf5 gxf5 36.
Qxf5 Kh8 37. Rg1 Qf7 38. Rd6 Rf8 39. Qxe5 Rce8 40. Qb2 Qe7 41. c5 Qe2+ 42. Qxe2 Rxe2+ 43. Kg3 Ne4+ 44. Kh4 Nxd6 45. cxd6 Re4+ 46. Kh5 Re5+ 47. Kh4 Rd8 48. Rc1 Re6 0-1

[Event "*** Titled Tuesday Blitz"]
[Site "Chess.com"]
[Date "2021.03.16"]
[Round "5"]
[White "grzechu96"]
[Black "Supernotar"]
[Result "0-1"]
[WhiteElo "2629"]
[BlackElo "2715"]
[TimeControl "180+1"]
[EndTime "10:54:56 PDT"]
[Termination "Supernotar won on time"]

1. e4 c6 2. Nc3 d5 3. Nf3 Bg4 4. h3 Bxf3 5. Qxf3 e6 6. Be2 dxe4 7. Nxe4 Nd7 8. d4 Ngf6 9. O-O Nxe4 10. Qxe4 Nf6 11.
Qd3 Be7 12. Bf3 O-O 13. c3 Nd5 14. a4 a5 15. Bd2 Qb6 16. Rab1 Rad8 17. Qe2 Rd7 18.
g3 Rfd8 19. h4 Qb3 20. Qd1 Qb6 21. Qc2 c5 22. dxc5 Qxc5 23. Bc1 h6 24. Qe2 b6 25.
Bd2 Qc7 26. Rfd1 Bc5 27. Kg2 Ne7 28. b4 axb4 29. cxb4 Bd4 30. Rdc1 Qa7 31. Be1 Qxa4 32. Be4 Nd5 33. Qf3 Bf6 34. Bc2 Qb5 35. Qe4 g6 36. h5 Ne7 37. hxg6 Nxg6 38. Qf3 Kg7 39. Be4 Qg5 40. Kh2 Ne5 41. Qg2 Ng4+ 42. Kg1 Bd4 43. Bf3 h5 44. Qh3 Nxf2 0-1

[Event "*** Titled Tuesday Blitz"]
[Site "Chess.com"]
[Date "2021.03.16"]
[Round "5"]
[White "Gabix_94"]
[Black "mishanick"]
[Result "0-1"]
[WhiteElo "2809"]
[BlackElo "3019"]
[TimeControl "180+1"]
[EndTime "10:54:57 PDT"]
[Termination "mishanick won by resignation"]

1. e4 c5 2. Nf3 d6 3. d4 Nf6 4. Nc3 cxd4 5. Nxd4 a6 6. Bc4 e6 7. Bb3 Nbd7 8. Bg5 Nc5 9. Qe2 Be7 10. O-O-O Qc7 11.
f4 h6 12. Bh4 Nfxe4 13. Nxe4 Bxh4 14. Nf5 Nxe4 15. Qxe4 d5 16. Rxd5 O-O 17. Nxh6+ gxh6 18. Rh5 f5 19. Bxe6+ Kg7 20. Bxf5 Bxf5 21. Rxf5 Rae8 22. Qd4+ Bf6 23. Qd3 Qb6 24. c3 Qf2 25. Rd1 Re2 26. Rd5 Qxf4+ 27. Kb1 Qe4 28. a3 Qxd3+ 29. R1xd3 Rxg2 30.
h3 Rf7 31. Ka2 Kg6 32. a4 h5 33. a5 h4 34. Kb3 Rg3 35. Kc4 Re7 36. b4 Re4+ 37.
Kc5 Bxc3 38. Rd6+ Kf5 39. R3d5+ Re5 40. Kb6 Bxb4 41. Rxe5+ Kxe5 42. Rh6 Rxh3 43. Kxb7 Bxa5 44. Rh5+ Kf4 45. Rxa5 Re3 46. Rh5 Kg3 47. Kxa6 h3 48. Kb5 Kg2 49. Kc4 h2 50. Kd4 Rh3 0-1

[Event "*** Titled Tuesday Blitz"]
[Site "Chess.com"]
[Date "2021.03.16"]
[Round "5"]
[White "eightbyeightchess"]
[Black "abeljusto"]
[Result "1-0"]
[WhiteElo "2376"]
[BlackElo "2177"]
[TimeControl "180+1"]
[EndTime "10:54:57 PDT"]
[Termination "eightbyeightchess won on time"]

1. e4 Nf6 2. e5 Ne4 3. d3 Nc5 4. d4 Na4 5. Nf3 d5 6. Bd3 Nb6 7. h3 e6 8. O-O c5 9. Bg5 Qc7 10. Na3 a6 11. c4 cxd4 12. cxd5 Nxd5 13. Rc1 Nc6 14. Nxd4 Bxa3 15. Nxc6 bxc6 16. bxa3 O-O 17. Qc2 h6 18. Bd2 Qxe5 19. Qxc6 Rb8 20. Rfe1 Qd4 21. Qc2 Bb7 22. Re4 Qf6 23. Rg4 Rfc8 24. Qd1 Rxc1 25.
Qxc1 Rc8 26. Qb1 Rc7 27. Ba5 Rd7 28. Be4 g6 29. Bf3 Kh7 30. Rc4 Qe5 31. Bd2 Rc7 32.
Rh4 h5 33. Rxh5+ Qxh5 34. Bxh5 Bc6 35. Bf3 Rb7 36. Qc2 Ne7 37. Bxc6 Rc7 38. Bb4 Nxc6 39. Qc5 Rc8 40. Qd6 Nxb4 41. axb4 Rc1+ 42. Kh2 Rc2 43. Qxa6 Rxf2 44. b5 e5 45. b6 Rb2 46. b7 e4 47.
Qa7 1-0

[Event "*** Titled Tuesday Blitz"]
[Site "Chess.com"]
[Date "2021.03.16"]
[Round "5"]
[White "Sanyura"]
[Black "ChristopherYoo"]
[Result "0-1"]
[WhiteElo "2637"]
[BlackElo "2903"]
[TimeControl "180+1"]
[EndTime "10:54:59 PDT"]
[Termination "ChristopherYoo won by resignation"]

1. e4 c5 2. Nf3 e6 3. d4 cxd4 4. Nxd4 Nf6 5. Nc3 Nc6 6. Ndb5 Bc5 7. Bf4 O-O 8. Bc7 Qe7 9. Bd6 Bxd6 10. Qxd6 Qd8 11.
O-O-O a6 12. Nd4 Ne7 13. Qg3 Qa5 14. Bd3 e5 15. Nb3 Qc7 16. h4 d6 17. h5 h6 18. f3 Be6 19. Qh4 b5 20. Rhg1 b4 21. Nd5 Nexd5 22. exd5 Nxd5 23. g4 f6 24. Be4 Ne3 25.
Rde1 d5 26. Rxe3 dxe4 27. fxe4 a5 28. Kb1 a4 29. Nc1 b3 30. Qf2 Rfc8 31. Rc3 Qa5 32. Rxc8+ Rxc8 33. c3 bxa2+ 34. Ka1 a3 35. g5 axb2+ 36.
Qxb2 hxg5 37. h6 Qxc3 38. hxg7 Kxg7 39. Nxa2 Qxb2+ 40. Kxb2 Bxa2 41. Kxa2 Rc4 42. Re1 Kg6 43.
Kb3 Rd4 44. Kc3 g4 45. Kc2 Kg5 46. Kc3 g3 47. Ra1 Kg4 48. Ra8 g2 49. Rg8+ Kf3 0-1

[Event "*** Titled Tuesday Blitz"]
[Site "Chess.com"]
[Date "2021.03.16"]
[Round "5"]
[White "VladimirBugayev"]
[Black "Sokoloco"]
[Result "0-1"]
[WhiteElo "2263"]
[BlackElo "2417"]
[TimeControl "180+1"]
[EndTime "10:55:03 PDT"]
[Termination "Sokoloco won on time"]

1. e4 g6 2. d4 Bg7 3. Nc3 d6 4. Bf4 Nf6 5. Qd2 h5 6. O-O-O a6 7. h3 b5 8. e5 Ng8 9. Nf3 Bb7 10. Bd3 e6 11.
Bg5 Ne7 12. Ne4 Bxe4 13. Bxe4 d5 14. Bd3 Nd7 15. g4 c5 16. c3 c4 17. Bc2 a5 18.
Qf4 Qb6 19. Bf6 Nxf6 20. exf6 Bh6 21. g5 Bf8 22. fxe7 Bxe7 23. Ne5 O-O 24. Nd7 Qd8 25. Nf6+ Kg7 26. Qf3 b4 27. Rde1 bxc3 28. bxc3 Rb8 29. Kd2 Rb2 30. Rb1 Rxa2 31. Rb7 Bxf6 32. gxf6+ Qxf6 33.
Qxf6+ Kxf6 34. Rhb1 g5 35. R1b2 Rxb2 36. Rxb2 g4 37. hxg4 hxg4 38. Ke3 Kg5 39. Ra2 Ra8 40. Ba4 f5 41. Rb2 f4+ 42. Ke2 Rh8 43. Rb6 Rh2 44. Rxe6 g3 45. Re5+ Kh4 46. Rxd5 Rxf2+ 47. Ke1 Ra2 48.
Be8 g2 49. Rh5+ Kg4 0-1

[Event "*** Titled Tuesday Blitz"]
[Site "Chess.com"]
[Date "2021.03.16"]
[Round "5"]
[White "Smile2005"]
[Black "xberli"]
[Result "0-1"]
[WhiteElo "2429"]
[BlackElo "2610"]
[TimeControl "180+1"]
[EndTime "10:55:04 PDT"]
[Termination "xberli won by resignation"]

1. Nf3 Nf6 2. g3 g6 3. Bg2 Bg7 4. O-O O-O 5. d3 a5 6. e4 a4 7.
Na3 c6 8. c3 d5 9. e5 Ne8 10.
Re1 c5 11. Bf4 Nc6 12. Qd2 Bg4 13. Bh6 Bxf3 14. Bxg7 Nxg7 15. Bxf3 Qd7 16. Qg5 Rad8 17. Bg4 Qc7 18. Nc2 d4 19. c4 f6 20. exf6 exf6 21.
Qd2 Ne5 22. Bd1 Qc6 23. f4 Nf3+ 24. Bxf3 Qxf3 25. Qe2 Qxe2 26. Rxe2 Rfe8 27. Rae1 Rxe2 28. Rxe2 Kf7 29. g4 h5 30. h3 hxg4 31. hxg4 Ne6 32.
Re4 f5 33. gxf5 gxf5 34. Re5 Kf6 35. Ne1 b6 36. Re2 Nxf4 37. Rh2 Re8 38. Kf1 Re3 39.
Rh6+ Kg5 40. Rxb6 Nxd3 41. Nxd3 Rxd3 42. Rb5 Rd2 43. Rxc5 Rxb2 44. a3 Rb3 45. Rd5 d3 46. Ke1 Rxa3 47. Kd2 Kf4 48. c5 Ke4 49. Rd8 Ra2+ 50.
Kc3 Rc2+ 51. Kb4 Rc1 52. Re8+ Kf3 53. Rd8 Ke2 54. Re8+ Kd2 55. Re5 f4 56. Re4 f3 57.
Rf4 Ke3 58. Rf6 d2 59. Re6+ Kf2 60. Rd6 d1=Q 0-1

[Event "*** Titled Tuesday Blitz"]
[Site "Chess.com"]
[Date "2021.03.16"]
[Round "5"]
[White "PavelShkapenko"]
[Black "ViktoriyaTarasova"]
[Result "1-0"]
[WhiteElo "2692"]
[BlackElo "2348"]
[TimeControl "180+1"]
[EndTime "10:55:06 PDT"]
[Termination "PavelShkapenko won by checkmate"]

1. e4 e5 2. Nf3 Nc6 3. Bc4 Bc5 4. c3 Nf6 5. d4 exd4 6. b4 Bb6 7. e5 d5 8. exf6 dxc4 9. Qe2+ Be6 10. b5 d3 11. Qe4 Qxf6 12. bxc6 O-O 13. O-O bxc6 14. Bg5 Qg6 15. Qxg6 hxg6 16. Nbd2 Ba5 17. Rfc1 Rab8 18. Ne5 f6 19. Nexc4 Bxc3 20. Rxc3 fxg5 21.
Rxd3 Rfd8 22. Rxd8+ Rxd8 23. Rc1 Rd4 24. f3 g4 25. Kf2 gxf3 26. Kxf3 g5 27. Ke3 Rd8 28. a3 Bd5 29. g3 Re8+ 30. Kd3 Bf7 31. Ne4 Bg6 32.
Nd2 Rd8+ 33. Ke3 Be8 34. Nxg5 Rb8 35. Rc3 Bd7 36. Nge4 Rb2 37. Rb3 Rc2 38. Ng5 Kf8 39. Nde4 Ke7 40. Rb7 Rxh2 41. Rxc7 a5 42. Ra7 Rc2 43.
Rxa5 Rc4 44. Re5+ Kd8 45. Rc5 Ra4 46. Rc3 Kc7 47. Nc5 Ra5 48. Nge4 Be8 49. Rb3 Ra8 50. Rb7+ Kc8 51. Rxg7 Rxa3+ 52. Kf4 Ra1 53. Nd6+ Kd8 54. Ncb7# 1-0

[Event "*** Titled Tuesday Blitz"]
[Site "Chess.com"]
[Date "2021.03.16"]
[Round "5"]
[White "ENajer77"]
[Black "iturrizaga"]
[Result "0-1"]
[WhiteElo "2620"]
[BlackElo "2843"]
[TimeControl "180+1"]
[EndTime "10:55:07 PDT"]
[Termination "iturrizaga won on time"]

1. e4 c5 2. Nf3 e6 3. d4 cxd4 4. Nxd4 a6 5. Nc3 Qc7 6. Bd3 Nf6 7.
O-O g6 8. Qe2 d6 9. f4 Bg7 10.
f5 O-O 11. fxe6 fxe6 12. Be3 Nc6 13. Nxc6 bxc6 14. e5 dxe5 15. Bc5 Rd8 16. Ne4 Nd5 17. g3 Rb8 18. b3 Qa5 19. a3 Qc7 20. Rf3 Ne7 21.
Raf1 Nf5 22. Qf2 h6 23. g4 Kh7 24. Kh1 a5 25. Rh3 Kg8 26. Rf3 Rb5 27. b4 axb4 28. axb4 Rb8 29. gxf5 exf5 30. Rg3 Qf7 31. Qg2 g5 32. Nxg5 hxg5 33. Rxg5 Rxd3 34. cxd3 Be6 35. Qg3 f4 36. Qh4 Bd5+ 37. Kg1 Rd8 38. Qg4 Be6 39. Qg2 Rxd3 40. Rxe5 f3 41. Qg5 Bd5 0-1

[Event "*** Titled Tuesday Blitz"]
[Site "Chess.com"]
[Date "2021.03.16"]
[Round "5"]
[White "lagedema"]
[Black "Playgood28"]
[Result "1-0"]
[WhiteElo "2457"]
[BlackElo "2285"]
[TimeControl "180+1"]
[EndTime "10:55:07 PDT"]
[Termination "lagedema won on time"]

1. d4 f5 2. Bg5 g6 3. e3 Bg7 4. Bc4 Nf6 5. Nc3 e6 6. d5 Qe7 7. Qd2 h6 8. Bh4 d6 9. dxe6 c6 10. Nge2 d5 11. Bb3 g5 12. Bg3 Bxe6 13. f3 Nbd7 14.
h4 g4 15. O-O-O O-O 16. Nf4 Rfe8 17. e4 fxe4 18. fxe4 Nc5 19. Nxe6 Nxb3+ 20. axb3 Qxe6 21. exd5 Nxd5 22. Nxd5 cxd5 23. Qxd5 Qxd5 24. Rxd5 Re7 25. Rhd1 Rae8 26. c3 a6 27. R1d2 Re3 28. R5d3 Rxd3 29. Rxd3 Re2 30. Rd2 Re3 31. Bf2 Re4 32. Kc2 Re7 33. Bd4 Bxd4 34. Rxd4 Re2+ 35. Rd2 Re7 36. Kd3 Kf7 37. Rf2+ Kg6 38. Rf4 h5 39. b4 Rd7+ 40. Rd4 Rf7 41. Ke3 Re7+ 42. Re4 Rf7 43.
c4 Rd7 44. Re6+ Kg7 45. c5 Rd1 46. Rb6 Re1+ 47. Kf2 Re7 48. Kg3 Re3+ 49. Kf4 Rb3 50.
Rxb7+ Kf6 51. Rb6+ Kg7 52. Kg5 Rxb2 53. Rb7+ Kf8 54. g3 Rb3 55. c6 1-0

[Event "*** Titled Tuesday Blitz"]
[Site "Chess.com"]
[Date "2021.03.16"]
[Round "5"]
[White "HanSchut"]
[Black "PavelChernomordik"]
[Result "1/2-1/2"]
[WhiteElo "2241"]
[BlackElo "2394"]
[TimeControl "180+1"]
[EndTime "10:55:08 PDT"]
[Termination "Game drawn by repetition"]

1. e4 g6 2. d4 Bg7 3. Nc3 d6 4. f4 a6 5. Nf3 b5 6. Bd3 Nd7 7. e5 c5 8. Ne4 cxd4 9. exd6 Ngf6 10. O-O O-O 11. dxe7 Qxe7 12. Re1 Bb7 13. Nxf6+ Qxf6 14. Bd2 Qd6 15. a3 Nc5 16. Bb4 a5 17. Bxc5 Qxc5 18. Ne5 Rfe8 19. Qd2 Bxe5 20. fxe5 Rxe5 21. Rxe5 Qxe5 22. Re1 Qd5 23. Be4 Qc5 24. Bxb7 Rd8 25. Kh1 b4 26. axb4 axb4 27. Be4 Re8 28. b3 Qe5 29. Kg1 Kg7 30. Kf2 Qxh2 31. Bf3 Qh4+ 32. Kf1 Qh1+ 33. Kf2 Qh4+ 34. Kf1 Rxe1+ 35. Qxe1 Qf4 36.
Qe2 h5 37. Ke1 h4 38. Qd2 Qd6 39. Qd3 f5 40. Kf2 Qg3+ 41. Kf1 Qe5 42. Qe2 Qf4 43. Qc4 h3 44. Qxb4 h2 45. Qe7+ Kh6 46. Qf8+ Kh7 47.
Qe7+ Kh6 48. Qf8+ Kh7 49. Qe7+ Kh6 1/2-1/2

[Event "*** Titled Tuesday Blitz"]
[Site "Chess.com"]
[Date "2021.03.16"]
[Round "5"]
[White "Murad_Ibrahimli"]
[Black "Agibileg"]
[Result "1-0"]
[WhiteElo "2772"]
[BlackElo "2523"]
[TimeControl "180+1"]
[EndTime "10:55:09 PDT"]
[Termination "Murad_Ibrahimli won by resignation"]

1. Nf3 Nf6 2. d4 g6 3. Bg5 Bg7 4. Nbd2 d5 5. e3 O-O 6. Bd3 c5 7. c3 Nc6 8. O-O Bg4 9. h3 Bxf3 10.
Nxf3 Rc8 11. Qa4 Qd7 12. dxc5 e5 13. Bxf6 Bxf6 14. e4 Rfd8 15. Rad1 Nd4 16. Qxd7 Nxf3+ 17. gxf3 Rxd7 18. b4 d4 19. Bb5 Rdc7 20. cxd4 exd4 21. f4 a5 22. a3 Rd8 23. e5 Bg7 24. Rd3 axb4 25. axb4 Bh6 26. Re1 Bxf4 27. Re4 g5 28.
e6 fxe6 29. Rxe6 Kf7 30. Re4 Re7 31. Rexd4 Re1+ 32. Kg2 Rxd4 33. Rxd4 Rb1 34. Bd7 Rb2 35. Kf3 Be5 36. Rc4 Ke7 37. Bc8 Rb3+ 38. Ke4 Bc3 39. b5 Ba5 40. b6 Rb4 41. Rxb4 Bxb4 42. Kd5 Be1 43. f3 h5 44. Bxb7 Bf2 45. Ba6 Kd8 46.
Bd3 h4 47. Bf5 Be3 48. Kc6 Bf2 49. Kb5 Be3 50. c6 Bf4 51. Kc4 Bg3 52. Kd5 Bf4 53. c7+ Bxc7 54. bxc7+ Kxc7 55. Ke6 Kd8 56. Kf6 1-0

[Event "*** Titled Tuesday Blitz"]
[Site "Chess.com"]
[Date "2021.03.16"]
[Round "5"]
[White "guillembaches"]
[Black "Abund"]
[Result "0-1"]
[WhiteElo "2471"]
[BlackElo "2688"]
[TimeControl "180+1"]
[EndTime "10:55:14 PDT"]
[Termination "Abund won on time"]

1. e4 c5 2. Nf3 d6 3. d4 cxd4 4. Qxd4 Nc6 5. Qe3 g6 6. c4 Bg7 7.
h3 Nf6 8. Be2 O-O 9. O-O Qb6 10.
Qxb6 axb6 11. Nc3 Nd7 12. Nd5 e6 13. Nc7 Ra4 14. Nb5 Nc5 15. Nxd6 Rd8 16. Rd1 Nb3 17. Rb1 Nxc1 18. Rbxc1 Rxa2 19. Bf1 Rxb2 20. Nxc8 Rxc8 21. Rb1 Rb4 22. Rxb4 Nxb4 23. Rb1 Bf8 24. Ne5 Rd8 25. Nd3 Rxd3 26. Rxb4 Rd2 27. Rb3 Bc5 28. Rf3 Kf8 29. h4 Ke7 30. g4 h6 31. Kg2 g5 32. hxg5 hxg5 33. Bd3 Bxf2 34. Rxf2 Rxd3 35. Rb2 Rd6 36. Kf3 Rc6 37. e5 Kd7 38. Rb4 Kc7 39. Ke4 Rc5 40. Kd4 Kc6 41. Rb1 b5 42. cxb5+ Rxb5 43. Rc1+ Kb6 44. Rf1 Rb4+ 45. Kd3 Rf4 46. Rb1+ Kc6 47. Ke3 b5 48. Rc1+ Kd5 49. Rc7 b4 50. Rb7 Kxe5 0-1

[Event "*** Titled Tuesday Blitz"]
[Site "Chess.com"]
[Date "2021.03.16"]
[Round "5"]
[White "andriipalchuk"]
[Black "davigator"]
[Result "0-1"]
[WhiteElo "2573"]
[BlackElo "2426"]
[TimeControl "180+1"]
[EndTime "10:55:15 PDT"]
[Termination "davigator won on time"]

1. d4 Nf6 2. c4 e6 3. Nf3 Bb4+ 4. Nbd2 b6 5. g3 Bb7 6. Bg2 O-O 7. O-O d5 8. Qc2 Nbd7 9. b3 Rc8 10. Bb2 Qe7 11.
Rac1 Bd6 12. Qb1 c5 13. Qa1 cxd4 14. Nxd4 a6 15. a3 Rfd8 16. b4 Bb8 17. Rfd1 Nf8 18. cxd5 Bxd5 19. e4 Bb7 20. Nc4 Ba7 21. e5 Bxg2 22.
Kxg2 Qb7+ 23. Kg1 Ng4 24. Nd6 Rxc1 25. Qxc1 Qd7 26. Nc6 Ra8 27. h3 Nxf2 28. Kxf2 b5+ 29. Nxa7 Qxa7+ 30. Qc5 Qe7 31. Ne4 Qb7 32. Rd4 Rc8 33.
Qd6 Rc2+ 34. Rd2 Rc4 35. Ng5 h6 36. Nf3 Qe4 37. Qd3 Qc6 38. Qe3 Rc2 39. Rxc2 Qxc2+ 40. Qe2 Qb3 41. Qd2 Nd7 42. Qxd7 Qxb2+ 43. Ke3 Qxa3+ 44. Qd3 Qxb4 45. Qd8+ Kh7 46. Qd4 Qe7 47. h4 g6 48.
h5 Qb7 49. hxg6+ fxg6 50. Qd6 b4 51. Nd4 b3 52. Nxe6 b2 53. Nf8+ Kg8 54. Ne6 b1=Q 0-1

[Event "*** Titled Tuesday Blitz"]
[Site "Chess.com"]
[Date "2021.03.16"]
[Round "5"]
[White "GMRafpig"]
[Black "mjray79"]
[Result "0-1"]
[WhiteElo "2619"]
[BlackElo "2478"]
[TimeControl "180+1"]
[EndTime "10:55:17 PDT"]
[Termination "mjray79 won by resignation"]

1. c4 Nf6 2. Nc3 g6 3. e4 Bg7 4. d4 d6 5. Be2 O-O 6. Bg5 c5 7. d5 e6 8. Qd2 exd5 9. exd5 Qb6 10. Nf3 Bf5 11. O-O Ne4 12. Nxe4 Bxe4 13. Rae1 Bf5 14. b3 a5 15. Nh4 Bd7 16. Bd3 a4 17. Bh6 Qb4 18.
Qf4 Bxh6 19. Qxh6 Qc3 20. Re3 Qg7 21. Qg5 axb3 22. axb3 Ra1 23. Ree1 Rxe1 24. Rxe1 Na6 25. h3 Nb4 26. Bb1 Qc3 27. Rc1 Qe5 28. Qd2 b5 29. Nf3 Qf6 30. Re1 bxc4 31. bxc4 Bf5 32. Bxf5 Qxf5 33. Ng5 Nd3 34. Re3 Nxf2 35. Rf3 Ne4 36. Rxf5 Nxd2 37. Rf6 Nxc4 38. Ne4 Rd8 39. Ng5 Rd7 40. Rf4 Ne5 41. Ne4 Kg7 42. Rf6 Nc4 43.
Rf4 h6 44. g4 Ra7 45. h4 Ra1+ 46. Kf2 Ra2+ 47. Ke1 Rh2 48. g5 hxg5 49. hxg5 Rh1+ 50. Kf2 Rh2+ 51. Kg1 Re2 52. Nf6 Re5 53. Rxc4 Rxg5+ 54. Ng4 f5 55. Kf2 Rxg4 56. Rc3 Kf6 57. Re3 Re4 0-1